 Dungeon Crawl Stone Soup version 0.23-a0-565-g3e74e4c (webtiles) character file.

58 nikopol the Skirmisher (level 3, -10/51 HPs)
             Began as a Minotaur Berserker on Dec 13, 2018.
             Was a Believer of Trog.
             Mangled by Crazy Yiuf
             ... wielding a +4 quarterstaff of chaos
              (15 damage)
             ... on level 2 of the Dungeon.
             The game lasted 00:01:47 (1996 turns).

nikopol the Skirmisher (Minotaur Berserker)         Turns: 1996, Time: 00:01:47

Health: -10/51     AC:  6    Str: 26    XL:     3   Next: 75%
Magic:  2/2        EV: 11    Int:  4    God:    Trog [**....]
Gold:   138        SH:  0    Dex: 10    Spells: 2/2 levels left

rFire    . . .     SeeInvis .   a - +0 hand axe
rCold    . . .     Gourm    .   (no shield)
rNeg     . . .     Faith    .   j - +0 scale mail
rPois    .         Spirit   .   (helmet restricted)
rElec    .         Reflect  .   (no cloak)
rCorr    .         Harm     .   (no gloves)
MR       .....                  (no boots)
Stlth    ..........             (no amulet)
HPRegen  0.17/turn              (no ring)
MPRegen  0.08/turn              (no ring)

@: berserking, lethally poisoned (-10 -> -29), very quick
A: retaliatory headbutt, horns 2
a: Berserk, Trog's Hand, Renounce Religion


You were on level 2 of the Dungeon.
You worshipped Trog.
Trog was pleased with you.
You were very hungry.

You visited 1 branch of the dungeon, and saw 2 of its levels.

You collected 138 gold pieces.

Inventory:

Hand Weapons
 a - a +0 hand axe (weapon)
Missiles
 d - 21 arrows
Armour
 b - a +0 animal skin
 f - a +0 chain mail
 h - a +0 ring mail
 j - a +0 scale mail (worn)
Jewellery
 q - a cursed ring of attention {unknown}
Scrolls
 e - 2 scrolls of magic mapping {unknown}
 g - a scroll of remove curse {unknown}
 i - a scroll of blinking {unknown}
 l - 2 scrolls of immolation {unknown}
 p - a scroll of noise {unknown}
Potions
 k - 2 potions of heal wounds {unknown}
 m - a potion of curing {unknown}
 n - a potion of flight {unknown}
 o - a potion of agility {unknown}
Comestibles
 c - 2 rations


   Skills:
 + Level 4.6 Fighting
 + Level 4.4 Axes
 + Level 2.8 Armour
 + Level 2.6 Dodging


You had 2 spell levels left.
You didn't know any spells.
Your spell library was empty.

Dungeon Overview and Level Annotations

Branches:
Dungeon (2/15)

Altars:

Annotations:
D:2 Crazy Yiuf


Innate Abilities, Weirdness & Mutations

You reflexively headbutt those who attack you in melee.
You have a pair of horns on your head.


Message History

You hit Crazy Yiuf but do no damage. Your headbutt misses Crazy Yiuf.
Crazy Yiuf is heavily wounded.
You feel sick.
Crazy Yiuf hits you with a +4 quarterstaff of chaos!
Crazy Yiuf burns you.
* * * LOW HITPOINT WARNING * * *
You hit Crazy Yiuf. You headbutt Crazy Yiuf.
Crazy Yiuf is almost dead.
* * * LOW HITPOINT WARNING * * *
You feel sick. Crazy Yiuf hits you but does no damage.
You are more poisoned.
A red film seems to cover your vision as you go berserk!
You feel yourself moving faster!
You feel mighty!
You are feeling very hungry.
* * * LOW HITPOINT WARNING * * *
You feel sick.
Crazy Yiuf hits you with a +4 quarterstaff of chaos.
* * * LOW HITPOINT WARNING * * *
You are electrocuted!
You die...

############
#####
###########
...........#
#).)#
#.........#
#.########.#
#)))#
##.#######.#
##.#######.#
#)g)#
#...........
##........#
#@#
##.#♣♣.♣♣#.#
##.######.>#
#)##
#.#♣♣..♣...
#.## ##.#
##)#
#.#♣P.P♣#.#
.## #.# #)##
#.#♣..P♣#.#
.#########.#
##)#
#.#♣♣.♣♣#>#
.........#.#
##)##
#.##..###.#
..######.#.#
##..)#
#.##.#♣.♣.#
..# #.#.#
#....#
#.........#
..# #.###
#....#
####.#♣.♣##


You could see Crazy Yiuf.

Vanquished Creatures
  2 adders (D:2)
  An adder skeleton (D:2)
  A worm (D:2)
  2 dart slugs
  6 goblins (D:2)
  4 hobgoblins
  3 jackals (D:1)
  A quokka (D:2)
  3 bats (D:1)
  3 frilled lizards
  2 kobolds
  4 rats
32 creatures vanquished.

Notes
Turn   | Place    | Note
-------+----------+-------------------------------------------
     0 | D:1      | nikopol the Minotaur Berserker began the quest for the Orb.
     0 | D:1      | Reached XP level 1. HP: 19/19 MP: 0/0
   154 | D:1      | Reached XP level 2. HP: 23/27 MP: 1/1
  1528 | D:2      | Reached XP level 3. HP: 31/34 MP: 2/2
  1567 | D:2      | Reached ** piety under Trog
  1986 | D:2      | Found a runed door.
  1990 | D:2      | Noticed Crazy Yiuf
  1996 | D:2      | Mangled by Crazy Yiuf

Vault maps used:
D:1:      psy_arrival_fountain
D:2:      serial_forest, infiniplex_forest_lined_3,
          infiniplex_forest_straight_3, infiniplex_forest_lined_2,
          infiniplex_forest_end_3, infiniplex_forest_clump_long,
          infiniplex_forest_straight_2, infiniplex_forest_straight_4,
          infiniplex_forest_join, minmay_tall_x, uniq_crazy_yiuf_cottage

Skill      XL: |  1  2 |
---------------+-------+-----
Axes           | 4 |  4.4
Fighting       | 4 |  4.6
Armour         | |  2.8
Dodging        | |  2.6

Action                   || total
-------------------------++-------
Melee: Hand axe          ||    82
       Headbutt          ||    16
Invok: Berserk           ||     1
  Eat: Chunk             ||     3
Armor: Animal skin       ||     3
       Scale mail        ||    29
       Ring mail         ||     1
Dodge: Dodged            ||    38

Table legend:
 A = Non-vault XP
 B = Vault XP
 C = Vault XP percentage of total XP
 D = Non-vault monster count
 E = Vault monster count
 F = Vault count percentage of total count
                 A         B        C        D         E       F
            +---------+---------+-------+---------+---------+-------
      Total |      77 |       6 |   7.2 |      28 |       4 |  12.5
            +---------+---------+-------+---------+---------+-------
        D:1 |      22 |       0 |   0.0 |      14 |       0 |   0.0
        D:2 |      55 |       6 |   9.8 |      14 |       4 |  22.2
            +---------+---------+-------+---------+---------+-------
